 Dungeon Crawl Stone Soup version 0.30-a0-782-ge64f9170bb (webtiles) character file.

Game seed: 8332151508626331539

48 mopl the Vexing (level 3, -1/19 HPs)
             Began as a Deep Elf Enchanter on Mar 13, 2023.
             Slain by a goblin
             ... wielding a +0 dagger
             ... led by Robin
              (4 damage)
             ... on level 2 of the Dungeon.
             The game lasted 00:02:11 (700 turns).

mopl the Vexing (Deep Elf Enchanter)                 Turns: 700, Time: 00:02:11

Health: -1/19      AC:  2    Str:  5    XL:     3   Next: 50%
Magic:  2/10       EV: 12    Int: 21    God:
Gold:   72         SH:  0    Dex: 15    Spells: 1/9 levels left

rFire   . . .      SeeInvis .    a - +1 dagger
rCold   + . .      Faith    .    (no shield)
rNeg    . . .      Spirit   .    b - +0 robe
rPois   .          Reflect  .    (no helmet)
rElec   .          Harm     .    (no cloak)
rCorr   .          Rampage  .    (no gloves)
Will    .....                    (no boots)
Stlth   +++                      (no amulet)
HPRegen 0.23/turn                i - ring of protection from cold
MPRegen 0.12/turn                (no ring)

@: no status effects
A: no striking features
a: no special abilities


You were on level 2 of the Dungeon.
You visited 1 branch of the dungeon, and saw 2 of its levels.

You collected 72 gold pieces.

Inventory:

Hand Weapons
 a - a +1 dagger (weapon)
Armour
 b - a +0 robe (worn)
Jewellery
 i - a ring of protection from cold (left hand)
Scrolls
 e - a scroll of poison {unknown}
 f - a scroll of fog {unknown}
 g - a scroll of identify {unknown}
 h - a scroll of fear {unknown}
Potions
 c - 2 potions of invisibility
 d - a potion of lignification {unknown}
 j - a potion of curing {unknown}


   Skills:
 + Level 1.8 Short Blades
 - Level 2.4 Dodging
 + Level 4.3 Stealth
 + Level 3.7 Spellcasting
 + Level 4.6 Hexes


You had one spell level left.
You knew the following spells:

 Your Spells              Type           Power      Damage    Failure   Level
b - Ensorcelled Hibernat  Hex/Ice        26%        N/A       8%          2
c - Confusing Touch       Hex            23%        N/A       5%          3
d - Tukima's Dance        Hex            23%        N/A       5%          3

Your spell library contained the following spells:

 Spells                   Type           Power      Damage    Failure   Level
 Dazzling Flash           Conj/Hex       26%        N/A       14%         3


Dungeon Overview and Level Annotations

Branches:
Dungeon (2/15)

Altars:

Annotations:
D:2 Robin


Message History

You hit the hobgoblin but do no damage. The hobgoblin hits you.
You closely miss the hobgoblin.
Robin roars a battlecry!
The goblins go into a battle-frenzy!
The hobgoblin hits you.
You hear a shout!
You closely miss the hobgoblin. Robin throws the goblin at you!
The goblin hits you with a +0 dagger.
You hit the goblin.
The goblin is severely wounded.
A hobgoblin comes into view.
The hobgoblin hits you. The goblin barely misses you.
You hit the goblin.
You kill the goblin!
The hobgoblin hits you.
* * * LOW HITPOINT WARNING * * *
Robin throws the goblin at you!
* * * LOW HITPOINT WARNING * * *
The goblin unwields a +0 sling.
The goblin wields a +0 club.
The goblin barely misses you.
You see here a +0 dagger.
Casting: Ensorcelled Hibernation (safe; 8% risk of failure)
Confirm with . or Enter, or press ? or * to list all spells.
Aiming: Ensorcelled Hibernation (safe; 8% risk of failure)
Press: ? - help, Shift-Dir - straight line, f - hobgoblin
Aim: a hobgoblin (strong, chance to affect: 64%)
The hobgoblin looks drowsy...
The goblin hits you but does no damage.
Unknown command.
Casting: Ensorcelled Hibernation (safe; 8% risk of failure)
Confirm with . or Enter, or press ? or * to list all spells.
Aiming: Ensorcelled Hibernation (safe; 8% risk of failure)
Press: ? - help, Shift-Dir - straight line, f - goblin, p - hobgoblin
Aim: a goblin, wielding a +0 club (strong, chance to affect: 64%)
The goblin looks drowsy...
Unknown command.
The helpless goblin fails to defend itself.
You impale the goblin!!
You kill the goblin!
Robin throws the goblin at you! The goblin hits you with a +0 dagger.
You die...

#...<........#
#........###.#
#...........<#
#.......######
#..............
####'#..######.
#)#..# #g#..#
#@#..# ..+
#g#..# #..
#.#..# #...
#g#..# #....
#g#
###..######g#
............#
#....gg####...#
#...........###


You could see Robin, 3 hobgoblins and a goblin (strong).

Vanquished Creatures
  A dart slug (D:1)
  2 ball pythons (D:1)
  5 bats (D:1)
  An endoplasm (D:1)
  2 giant cockroaches (D:1)
  6 hobgoblins
  4 jackals (D:1)
  3 kobolds (D:1)
  3 frilled lizards (D:1)
  10 goblins
  3 rats (D:1)
40 creatures vanquished.

Notes
Turn   | Place    | Note
-------+----------+-------------------------------------------
     0 | D:1      | mopl the Deep Elf Enchanter began the quest for the Orb.
     0 | D:1      | Reached XP level 1. HP: 10/10 MP: 6/6
   112 | D:1      | Reached XP level 2. HP: 14/15 MP: 8/8
   117 | D:1      | Learned a level 2 spell: Ensorcelled Hibernation
   156 | D:1      | Reached skill level 4 in Stealth
   306 | D:1      | Reached XP level 3. HP: 19/19 MP: 7/10
   343 | D:1      | Learned a level 3 spell: Confusing Touch
   347 | D:1      | Learned a level 3 spell: Tukima's Dance
   646 | D:2      | Noticed Robin
   700 | D:2      | Slain by a goblin

Illustrated notes

Levels and vault maps discovered:
D:1:      eino_arrival_water_star, layout_rooms, minmay_misc_feat_cross,
          corexii_leaking_fountain, st_stairs_2, kennysheep_nondescript
D:2:      layout_basic, kennysheep_generic_room_3, uniq_robin

Skill      XL: |  1  2 |
---------------+-------+-----
Stealth        | 4 |  4.3
Short Blades   | |  1.8
Dodging        | |  2.4
Spellcasting   | |  3.7
Hexes          | |  4.6

Action                     || total
---------------------------++-------
  Melee: Dagger            ||   115
   Cast: Ensorcelled Hiber ||    13
   Stab: Sleeping          ||    16
 Armour: Robe              ||    22
  Dodge: Dodged            ||    73

Table legend: (Time is in decaauts)
 A = Elapsed time spent in this place.
 B = Non-inter-level travel time spent in this place.
 C = Inter-level travel time spent in this place.
 D = Time resting spent in this place.
 E = Time spent auto-exploring this place.
 F = Levels seen in this place.
 G = Mean time per level.
                   A        B        C        D        E       F      G
               +--------+--------+--------+--------+--------+-----+--------+
         Total |    694 |    665 |     29 |     12 |    324 |   2 |  347.0 |
       Dungeon |    694 |    665 |     29 |     12 |    324 |   2 |  347.0 |
               +--------+--------+--------+--------+--------+-----+--------+

Top non-repeatable levels by time:
     D:1: 606 daAuts
     D:2: 88 daAuts
